 Dungeon Crawl Stone Soup version 0.20.1-1-g8b1a95d (webtiles) character file.

51 kae the Skirmisher (level 3, -6/24 HPs)
             Began as a Gargoyle Fighter on Sept 24, 2017.
             Killed from afar by Sigmund (9 damage)
             ... with a magic dart
             ... on level 2 of the Dungeon.
             The game lasted 00:01:30 (822 turns).

kae the Skirmisher (Gargoyle Fighter)                Turns: 822, Time: 00:01:30

Health: -6/24      AC: 10    Str: 20    XL:     3   Next: 83%
Magic:  3/3        EV:  7    Int:  8    God:
Gold:   31         SH:  9    Dex:  9    Spells: 2/2 levels left

rFire    . . .     SeeInvis +   a - +0 trident
rCold    . . .     Gourm    .   c - +0 shield
rNeg     + . .     Faith    .   b - +0 scale mail
rPois    ∞         Spirit   .   (no helmet)
rElec    +         Reflect  .   (no cloak)
rCorr    .         Harm     .   (no gloves)
MR       .....                  (no boots)
Stlth    ..........             (no amulet)
Regen    0.1/turn               m - ring of see invisible
MPRegen  0.1/turn               (no ring)

@: no status effects
A: negative energy resistance 1, electricity resistance, unbreathing,
petrification resistance, rot immunity, AC +3
a: no special abilities


You were on level 2 of the Dungeon.
You were not hungry.

You visited 1 branch of the dungeon, and saw 2 of its levels.

You collected 31 gold pieces.

Inventory:

Hand Weapons
 a - a +0 trident (weapon)
Armour
 b - a +0 scale mail (worn)
 c - a +0 shield (worn)
Jewellery
 m - a ring of see invisible (left hand)
Scrolls
 e - a scroll of amnesia {unknown}
Potions
 d - 2 potions of might
 h - 2 potions of heal wounds {unknown}
 i - a potion of invisibility
 j - a potion of flight {unknown}
 k - a potion of lignification {unknown}
 l - a potion of agility {unknown}
Comestibles
 f - a bread ration
 g - 5 fruits


   Skills:
 + Level 4.0 Fighting
 + Level 2.2 Polearms
 + Level 3.8 Armour
 + Level 3.7 Shields


You had 2 spell levels left.
You didn't know any spells.

Dungeon Overview and Level Annotations

Branches:
Dungeon (2/15)

Altars:

Annotations:
D:2 Sigmund


Innate Abilities, Weirdness & Mutations

You are resistant to torment.
Your stone body is resilient. (AC +3)
You are immune to poison.
You resist negative energy. (rN+)
You are resistant to electric shocks. (rElec)
You can survive without breathing.
You are immune to petrification.
You are immune to rotting.


Message History

You hit Sigmund.
Sigmund is heavily wounded.
Sigmund gestures at you while chanting. The magic dart hits you!
* * * LOW HITPOINT WARNING * * *
You barely miss Sigmund.
Sigmund is heavily wounded.
Sigmund's eyes start glowing with a red light.
Sigmund points at you and mumbles some strange words.
The puff of flame hits you!
You closely miss Sigmund.
Sigmund is heavily wounded.
Sigmund gestures at you while chanting. You resist with significant effort.
You barely miss Sigmund.
Sigmund is heavily wounded.
Sigmund screams, "Die, monster!"
Sigmund points at you and mumbles some strange words.
The magic dart hits you!
You die...

###...#.#...####.....
#......###..)).......
#
#.#...#.#.#.####.....
#.##.#.........#
####..
#....†..########
#.... ####.#### #.#..
####.#### #....
#.......# #....
#......#@# ##.###
#......#.@g.....
#....# .##8..
#...%..#.##.....
##.... #....
#........# .... #.#.#
#...# #.#.##...# ...
#.... #...# #...
....# ## ###.# #...#
###. <...# #.# #...#
###.#### #####.#
....# #.> ..# #.....#


You could see Sigmund and a hobgoblin.

Vanquished Creatures
  2 adders (D:2)
  A dart slug (D:1)
  A leopard gecko (D:1)
  2 giant cockroaches
  5 goblins
  5 hobgoblins
  3 kobolds
  A quokka (D:2)
  A ball python (D:1)
  2 bats
  4 frilled lizards
  4 rats
31 creatures vanquished.

Notes
Turn   | Place    | Note
-------+----------+-------------------------------------------
     0 | D:1      | kae the Gargoyle Fighter began the quest for the Orb.
     0 | D:1      | Reached XP level 1. HP: 14/14 MP: 1/1
    82 | D:1      | Reached XP level 2. HP: 19/19 MP: 2/2
   667 | D:2      | Reached XP level 3. HP: 22/24 MP: 3/3
   809 | D:2      | Reached skill level 4 in Fighting
   811 | D:2      | Noticed Sigmund
   822 | D:2      | Killed from afar by Sigmund

Skill      XL: |  1  2  3 |
---------------+----------+-----
Polearms       | 2 |  2.2
Fighting       | 4 |  4.0
Armour         | |  3.8
Shields        | |  3.7

Action                   || total
-------------------------++-------
Melee: Trident           ||   112
  Use: Scroll            ||     3
Armor: Scale mail        ||    40
Dodge: Dodged            ||    26
Block: Shield            ||    39
